 Dungeon Crawl Stone Soup version 0.31.0-9-g3a7656b989 (webtiles) character file.

Game seed: 17222926227438455050

4879888 EnegeticOcto the Warrior (level 21, 234/234 HPs)
             Began as a Troll Monk on Feb 4, 2024.
             Was a Priest of Okawaru.
             Escaped with the Orb
             ... and 3 runes
             ... and 4 gems (all intact)!
             The game lasted 02:31:07 (14722 turns).

EnegeticOcto the Warrior (Troll Monk)              Turns: 14722, Time: 02:31:07

Health: 234/234    AC:  9    Str: 31    XL:     21   Next: 92%
Magic:  30/30      EV: 12    Int:  6    God:    Okawaru [***...]
Gold:   622        SH: 13    Dex: 12    Spells: 20/20 levels left

rFire   + +          .
                       - Unarmed
rCold   + + +        G - +1 kite shield
rNeg    . . .        f - +4 skin of Zhor {*Englaciate rC+++ SInv}
rPois   .            S - +1 hat
rElec   .            s - +0 cloak of the Furies {rF+ Will+ Regen+}
rCorr   .            (gloves unavailable)
SInv    +            (boots unavailable)
Will    ++...        n - amulet of regeneration
Stlth   +            R - ring of protection from fire
HPRegen 2.99/turn    (no ring)
MPRegen 0.22/turn

%: random rage (3%)
@: no status effects
A: large, unfitting armour, claws 3, regeneration 1, shaggy fur 1, tough skin 1,
berserk 1, cold resistance 1, deformed body, weak 1, sturdy frame 1
0: Orb of Zot
}: 3/15 runes: decaying, abyssal, gossamer
a: Renounce Religion, Heroism


You escaped.
You worshipped Okawaru.
Okawaru was most pleased with you.
You visited 8 branches of the dungeon, and saw 40 of its levels.
You visited the Abyss 8 times.

You collected 2200 gold pieces.
You spent 1578 gold pieces at shops.

Inventory:

Hand Weapons
 D - a +2 quick blade of electrocution
   (Okawaru gifted it to you on level 4 of the Lair of Beasts)
 H - a +4 heavy spear
   (You took it off a gnoll sergeant on level 10 of the Dungeon)
Missiles
 m - 2 boomerangs
 r - 21 large rocks (quivered)
 y - 17 javelins
 B - 15 curare-tipped darts
 E - 3 silver javelins
 P - 5 darts of dispersal
Armour
 a - a +1 robe
 c - an orb of light
 f - the +4 skin of Zhor (worn) {*Englaciate rC+++ SInv}
   (Okawaru gifted it to you on level 4 of the Lair of Beasts)

   *Englaciate: It radiates cold, occasionally slowing all nearby creatures who
   are not resistant to cold.
   rC+++:     It renders you almost immune to cold.
   SInv:      It lets you see invisible.
 s - the +0 cloak of the Furies (worn) {rF+ Will+ Regen+}
   (You found it on level 6 of the Dungeon)

   rF+:       It protects you from fire.
   Will+:     It increases your willpower.
   Regen+:    It increases your rate of health regeneration.
 G - a +1 kite shield (worn)
   (You took it off a gnoll sergeant on level 10 of the Dungeon)
 N - a +0 troll leather armour
   (You found it on level 2 of the Orcish Mines)
 S - a +1 hat (worn)
   (You found it on level 4 of the Spider Nest)
Jewellery
 n - an amulet of regeneration (around neck)
   (You found it on level 4 of the Dungeon)
 v - a ring of ice
   (You found it on level 7 of the Dungeon)
 O - a ring of see invisible
   (You bought it in a shop on level 2 of the Orcish Mines)
 R - a ring of protection from fire (left claw)
   (You bought it in a shop on level 2 of the Orcish Mines)
Talismans
 L - a granite talisman
   (You bought it in a shop on level 1 of the Orcish Mines)
Wands
 l - a wand of polymorph (5)
   (You found it on level 4 of the Lair of Beasts)
 x - a wand of digging (1) {@v3}
   (You found it on level 8 of the Dungeon)
 z - a wand of flame (11) {@v4}
   (You found it on level 1 of the Lair of Beasts)
 F - a wand of roots (12) {@v2}
   (You found it on level 9 of the Dungeon)
 I - a wand of mindburst (12)
   (You found it on level 12 of the Dungeon)
 X - a wand of acid (2) {@v1}
   (You found it on level 3 of the Swamp)
Scrolls
 b - 4 scrolls of immolation
 e - a scroll of brand weapon
 g - 2 scrolls of poison {!r}
 j - 2 scrolls of vulnerability
 k - a scroll of fear {!r}
 t - 3 scrolls of teleportation {@r3 !r}
 J - a scroll of silence {!r}
 W - a scroll of torment
 Y - a scroll of enchant weapon
Potions
 d - 2 potions of lignification {@q6}
 h - 2 potions of resistance {unknown}
 i - a potion of might {@q3 !q}
 o - 3 potions of heal wounds {@q2 !q}
 q - 2 potions of curing {@q1 !q}
 u - a potion of magic
 w - a potion of haste {@q4 !q}
 A - 4 potions of attraction
 M - a potion of cancellation
 Q - a potion of brilliance
 T - 6 potions of ambrosia
 U - 2 potions of berserk rage
 V - 2 potions of enlightenment


   Skills:
 * Level 19.0 Fighting
 - Level 13.1 Throwing
 - Level 8.1 Dodging
 + Level 13.5 Shields
 + Level 17.8 Unarmed Combat
 - Level 14.0 Invocations
 - Level 16.0 Shapeshifting


You had 20 spell levels left.
You didn't know any spells.
Your spell library contained the following spells:

 Spells                   Type           Power      Damage    Failure   Level
 Magic Dart               Conj           0%         1d3       56%         1
 Blink                    Tloc           0%         N/A       71%         2
 Dimensional Bullseye     Hex/Tloc       0%         N/A       100%        4
 Iskenderun's Mystic Bla  Conj/Tloc      0%         2d3       100%        4
 Call Imp                 Summ           Unusable   N/A       N/A         2
 Tukima's Dance           Hex            Unusable   N/A       N/A         3

Dungeon Overview and Level Annotations

Branches:
Dungeon (15/15)            Temple (1/1) D:6            Lair (5/5) D:11
  Swamp (4/4) Lair:2       Spider (4/4) Lair:2          Orc (2/2) D:12
    Elf (0/3) Orc:2        Depths (4/4) D:15            Zot (5/5) Depths:4
  Slime: Lair:4-5    Vaults: D:13-14

Altars:
Ashenzari
Cheibriados
Dithmenos
Elyvilon
Fedhas
Gozag
Hepliaklqana
Makhleb
Nemelex Xobeh
Okawaru
Qazlal
Ru
Sif Muna
Trog
Uskayaw
Vehumet
Wu Jian
Xom
Yredelemnul
Zin
The Shining One

Shops:
D:2 ?   D:6 (   Orc:1 =   Orc:2 [=*(

Portals:
Abyss: Depths:3
Ziggurat: Depths:3

Annotations:
D:4 Pikel
D:11 exclusion: oklob plant
D:14 2 transporters, Uqorphet's ghost, journeyman DECj
Lair:2 exclusion: oklob plant
Swamp:1 1 runed translucent door, Matygoc's ghost, adept HaSk
Swamp:4 3 runed translucent doors, lurch's ghost, adept FeEE
Zot:1 exclusion: orb of fire


Innate Abilities, Weirdness & Mutations

You are too large for most types of armour.
You have claws for hands.
Your natural rate of healing is unusually fast.
You are covered in fur. (AC +1)
You have tough skin. (AC +1)
You sometimes lose your temper in combat.
Your flesh is cold resistant. (rC+)
Armour fits poorly on your strangely shaped body.
You are weak. (Str -2)
Your movements are slightly less encumbered by armour. (ER -2)


Message History

You mangle the hell hog!!
You kill the hell hog!
Okawaru accepts your kill.
HP restored.
You are a level 21 Troll Monk.
You are 92% of the way to level 22.
Play time: 02:29:00 (14510 turns).
You are forever immune to Zot's power.
You feel like a meek peon again.
An Executioner comes into view.
There is a stone staircase leading up here.
The Executioner gestures.
The Executioner seems to speed up.
You climb upwards.
There is a stone staircase leading down here.
There is a stone staircase leading up here.
You climb upwards.
There is a stone staircase leading down here.
There is a stone staircase leading up here.
You climb upwards.
Found a potion of curing.
Found an escape hatch in the floor.
There is a stone staircase leading down here.
A jelly comes into view.
You radiate an aura of cold.
The jelly seems to slow down.
The jelly quivers.
You radiate an aura of cold.
The jelly seems to slow down.
An orc comes into view. It is wielding a +0 club.
You mangle the jelly!!
You kill the jelly!
Okawaru accepts your kill.
You radiate an aura of cold.
The orc seems to slow down.
A lorocyproca comes into view.
The lorocyproca gives a chilling moan.
A rust devil comes into view.
You block the rust devil's attack. The rust devil hits you!
The rust devil corrodes you!
You radiate an aura of cold.
The rust devil is unaffected.
The lorocyproca is unaffected.
You radiate an aura of cold.
The rust devil is unaffected.
The lorocyproca is unaffected.
The orc seems to slow down.
There is a stone staircase leading up here.
You block the rust devil's attack.
You climb upwards.
You block the adder's attack. The adder bites you.
You are poisoned.
The adder poisons you!
There is a stone staircase leading down here.
You barely miss the rust devil.
You feel sick. The adder barely misses you.
You barely miss the rust devil.
You feel sick. You block the rust devil's attack. You block the adder's attack.
You mangle the rust devil!!
The rust devil is severely wounded.
You feel sick. The adder bites you but does no damage.
You block the rust devil's attack.
You claw the rust devil!
The rust devil is almost dead.
You feel sick. You block the adder's attack. You block the rust devil's attack.
You scratch the rust devil.
You kill the rust devil!
Okawaru accepts your kill. The adder closely misses you.
You claw the adder!
The adder is severely wounded.
You feel sick. You block the adder's attack.
You claw the adder!
You kill the adder!
Okawaru accepts your kill.
You feel sick.
You are no longer poisoned.
You are no longer corroded.
There is a stone staircase leading up here.
You climb upwards.
Level annotation: Pikel
There is a stone staircase leading down here.
Things that are here:
a +0 club; a +0 robe; a +0 battleaxe
There is a stone staircase leading up here.
You climb upwards.
There is a stone staircase leading down here.
There is a stone staircase leading up here.
You climb upwards.
There is a stone staircase leading down here.
There is a stone staircase leading up here.
You climb upwards.
There is a stone staircase leading down here.
A rat comes into view.
You radiate an aura of cold.
The rat seems to slow down.
You block the rat's attack. The rat barely misses you.
A cacodemon comes into view.
The rat is no longer moving slowly.
Blink to where?
Press: ? - help, Dir - move target
As you read the scroll of blinking {@r4}, it crumbles to dust.
You hear a grinding noise.
You open the large door.
You hear a grinding noise.
There is a large open door here.
Okay, then.
You hear a grinding noise.
You hear a grinding noise.
There is a staircase leading out of the dungeon here.
You have escaped!

##.''###
###≈§..§≈###
##≈≈≈≈..§§§§##
#≈§§#§..≈#§§≈#
#≈§§≈≈..≈≈≈≈≈#
≈≈≈≈≈≈..≈§≈≈§≈#
≈§≈§≈#..#§≈≈§≈#
§≈#≈≈#..#§≈#§§#
≈≈≈§§#>@#≈≈≈§≈#
≈≈§ ####§§≈§≈#
≈ ≈§≈§# §##


There were no monsters in sight!

Vanquished Creatures
  4 orbs of fire
  9 ancient liches
  7 Killer Klowns
  2 curse toes (Zot:2)
  5 golden dragons
  A bone dragon (Abyss:3)
  A pandemonium lord (Zot:5)
  the Enchantress (Depths:3)
  3 profane servitors (Abyss:3)
  3 electric golems (Zot:2)
  6 tentacled monstrosities
  A Brimstone Fiend (D:11)
  A hellephant (Depths:4)
  A Hell Sentinel (Depths:4)
  Rupert (D:12)
  A lich (Abyss:3)
  25 Orb Guardians
  A quicksilver dragon (Zot:2)
  A sphinx (Depths:3)
  8 death cobs
  19 tentacled starspawn
  2 Executioners
  4 shadow dragons
  10 storm dragons
  A fire giant (Depths:4)
  A demonspawn warmonger (Depths:4)
  2 draconian monks (Zot:2)
  A fenstrider witch (Swamp:4)
  2 nagarajas (Abyss:3)
  6 protean progenitors (Zot:2)
  2 draconian shifters (Zot:2)
  A draconian knight (Zot:2)
  5 emperor scorpions
  A frost giant (Depths:2)
  4 draconian scorchers
  3 iron dragons
  A cacodemon (Abyss:3)
  6 ghost moths
  3 draconian stormcallers
  2 reapers
  An orc warlord (Orc:2)
  2 draconian annihilators
  7 very ugly things
  3 spriggan defenders (Depths:3)
  5 stone giants
  A caustic shrike zombie (Abyss:3)
  2 green draconians
  A war gargoyle (Depths:2)
  7 black draconians
  5 yellow draconians
  9 bunyips
  6 red draconians
  8 white draconians
  4 spark wasps (Depths:4)
  2 eleionomae
  2 purple draconians
  Azrael (D:12)
  An eidolon (Abyss:3)
  An ettin (Depths:4)
  4 entropy weavers
  Josephine (D:12)
  4 fire dragons
  A shambling mangrove (Swamp:4)
  2 jiangshi (Depths:1)
  4 spriggan air magi
  4 ice dragons
  2 ogre magi
  3 rakshasas
  5 alligators
  A jorogumo (Spider:1)
  3 ghost crabs
  15 hydras
  2 radroaches (Lair:2)
  A spriggan skeleton (Abyss:3)
  3 centaur warriors
  3 vampire magi
  11 two-headed ogres
  2 deep troll shamans (Depths:3)
  3 satyrs (Zot:2)
  4 tengu warriors (Depths:1)
  7 boulder beetles
  8 demonic crawlers
  4 hell hogs
  3 occultists
  2 deep troll earth magi (Depths:3)
  An orc high priest (Orc:2)
  15 thrashing horrors
  6 spriggan berserkers
  11 spriggans
  2 sun demons (Zot:5)
  2 skysharks
  4 hell knights (Depths:3)
  A soul eater (Abyss:1)
  14 wretched stars
  Nergalle (Orc:2)
  2 iron trolls (Depths:3)
  A skeletal warrior (D:14)
  A spatial maelstrom (Abyss:3)
  7 pharaoh ants
  2 shadow wraiths
  A death drake (Abyss:3)
  A flayed ghost (Depths:1)
  2 glowing orange brains
  3 spriggan druids
  3 goliath frogs
  7 swamp dragons
  A sun moth (Spider:2)
  10 deep trolls (Depths:3)
  11 orb spiders
  4 bog bodies
  3 necromancers
  5 orc knights
  5 steelbarb worms
  13 ugly things
  10 wolf spiders
  3 cyclopes
  2 will-o-the-wisps
  2 deep elf pyromancers
  2 orc sorcerers
  5 worldbinders
  7 elephants (Lair:2)
  4 manticores
  19 moths of wrath
  6 meliai
  6 black mambas
  4 kobold blastminers
  2 guardian serpents (Abyss:3)
  3 apocalypse crabs (Abyss:3)
  2 rust devils
  7 smoke demons
  3 torpor snails
  5 cane toads
  2 hellions (Depths:4)
  21 large abominations
  3 kobold demonologists
  2 freezing wraiths
  4 centaur skeletons (D:14)
  2 yaktaurs (D:14)
  An efreet (D:15)
  A tormentor (Depths:4)
  5 komodo dragons
  2 unseen horrors
  6 rime drakes
  2 tengu conjurers (Depths:1)
  An ice devil (Depths:1)
  7 ancient zymes
  A bloated husk (Swamp:3)
  A hellwing (Abyss:1)
  A queen bee (shapeshifter) (D:14)
  8 tyrant leeches
  5 trolls
  14 hornets
  3 raiju
  22 tarantellas
  16 blink frogs
  8 slime creatures
  10 wraiths
  27 jumping spiders
  A shadow (D:10)
  13 culicivoras
  3 wyverns
  2 ynoxinuls (Abyss:1)
  3 basilisks
  14 yaks
  3 fire elementals (D:12)
  30 redbacks
  11 starcursed masses
  A steam dragon (shapeshifter) (Spider:1)
  2 chaos spawn
  A warg (Orc:2)
  6 vampire mosquitoes (D:12)
  3 neqoxecs
  A spatial vortex (Abyss:3)
  13 small abominations
  17 swamp worms
  12 water moccasins
  4 acid dragons
  3 hell hounds (D:12)
  30 orc warriors
  3 swamp drakes
  An ice beast (D:5)
  A sky beast (D:7)
  22 laughing skulls
  A black bear (Lair:1)
  10 ogres
  9 wolves
  11 centaurs
  3 phantoms
  A kobold brigand (D:5)
  2 weeping skulls (Abyss:3)
  11 bullfrogs
  A brain worm (Abyss:1)
  Blork the orc (D:4)
  2 gnoll sergeants
  5 scorpions
  4 wights (D:8)
  13 killer bees
  A howler monkey (D:9)
  5 quasits
  27 orc priests
  10 jellies
  2 hounds (D:5)
  A gnoll bouda (D:7)
  3 sleepcaps
  5 iguanas
  Terence (D:2)
  20 orc wizards
  Robin (D:4)
  13 gnolls
  6 adders
  A shadow imp (Abyss:1)
  5 white imps
  7 ufetubi
  3 dart slugs
  3 ribbon worms
  80 orcs
  A ball python (D:4)
  15 endoplasms
  2 giant cockroaches
  17 goblins
  11 hobgoblins
  7 jackals
  19 kobolds
  3 quokkas
  A bat (D:2)
  2 frilled lizards
  3 rats
  2 aspiring fleshes (Zot:2)
  A lurking horror (Abyss:3)
  14 starspawn tentacles
1300 creatures vanquished.

Vanquished Creatures (others)
  A draconian knight (Zot:2)
  A hell hog (D:12)
  2 bloated husks
  A chaos spawn (D:12)
  A swamp worm (Swamp:1)
  2 ufetubi (Abyss:3)
  2 foxfires (Abyss:1)
  A lurking horror (Abyss:3)
  41 starspawn tentacles
52 creatures vanquished.

Grand Total: 1352 creatures vanquished

Notes
Turn   | Place    | Note
-------+----------+-------------------------------------------
     0 | D:1      | EnegeticOcto the Troll Monk began the quest for the Orb.
     0 | D:1      | Reached XP level 1. HP: 22/22 MP: 0/0
    34 | D:2      | Reached XP level 2. HP: 29/29 MP: 1/1
    84 | D:2      | Found a faded altar of an unknown god.
   138 | D:2      | Found Ariarer's Magic Scroll Shop.
   174 | D:1      | Reached skill level 4 in Unarmed Combat
   199 | D:2      | Bought a scroll of identify for 22 gold pieces
   223 | D:2      | Reached XP level 3. HP: 20/36 MP: 2/2
   268 | D:2      | Noticed Terence
   273 | D:2      | Killed Terence
   308 | D:3      | Reached XP level 4. HP: 44/44 MP: 3/3
   311 | D:3      | Reached skill level 5 in Unarmed Combat
   350 | D:3      | Found a shadowy altar of Dithmenos.
   527 | D:4      | Noticed Blork the orc
   554 | D:4      | Killed Blork the orc
   555 | D:4      | Reached skill level 6 in Unarmed Combat
   555 | D:4      | Reached XP level 5. HP: 30/50 MP: 4/4
   569 | D:4      | Noticed Pikel
   569 | D:4      | Noticed a lemure
   569 | D:4      | Noticed a phantom
   580 | D:4      | Noticed a lemure
   583 | D:5      | Entered Level 5 of the Dungeon
   583 | D:5      | Noticed a water moccasin
   596 | D:5      | Killed a water moccasin
   597 | D:5      | Reached XP level 6. HP: 32/59 MP: 5/5
   648 | D:5      | Reached skill level 7 in Unarmed Combat
   671 | D:6      | Found Zekev's Antique Weapon Emporium.
   676 | D:6      | Reached skill level 8 in Unarmed Combat
   689 | D:6      | Found a glowing golden altar of the Shining One.
   702 | D:6      | Reached XP level 7. HP: 66/66 MP: 6/6
   736 | D:6      | Found a shimmering blue altar of Sif Muna.
   741 | D:6      | Found a blossoming altar of Fedhas.
   792 | D:5      | Reached skill level 3 in Fighting
   815 | D:5      | Reached skill level 9 in Unarmed Combat
   888 | D:5      | Reached XP level 8. HP: 77/78 MP: 7/7
   920 | D:5      | Reached skill level 4 in Fighting
   956 | D:4      | Noticed Robin
   982 | D:4      | Killed Robin
  1021 | D:4      | Reached skill level 1 in Throwing
  1110 | D:4      | Reached skill level 2 in Throwing
  1145 | D:4      | Found a shimmering altar of Xom.
  1145 | D:4      | Found an opulent altar of Gozag.
  1272 | D:5      | Reached skill level 5 in Fighting
  1275 | D:5      | Reached skill level 10 in Unarmed Combat
  1316 | D:6      | Found a glowing silver altar of Zin.
  1329 | D:6      | Identified the +0 cloak of the Furies {rF+ Will+ Regen+}
  1364 | D:6      | Reached skill level 3 in Throwing
  1373 | D:6      | Found a staircase to the Ecumenical Temple.
  1390 | Temple   | Entered the Ecumenical Temple
  1396 | Temple   | Became a worshipper of Warmaster Okawaru
  1396 | Temple   | Reached * piety under Okawaru
  1396 | Temple   | Reached ** piety under Okawaru
  1469 | D:7      | Reached XP level 9. HP: 74/88 MP: 8/8
  1538 | D:8      | Reached skill level 1 in Invocations
  1547 | D:8      | Reached skill level 4 in Throwing
  1632 | D:8      | Found a hide-covered altar of Uskayaw.
  1714 | D:9      | Noticed a two-headed ogre
  1724 | D:9      | Killed a two-headed ogre
  1724 | D:9      | Reached *** piety under Okawaru
  1725 | D:9      | Reached skill level 6 in Fighting
  1725 | D:9      | Reached skill level 5 in Throwing
  1725 | D:9      | Reached skill level 2 in Invocations
  1730 | D:9      | Reached skill level 3 in Invocations
  1804 | D:9      | Reached skill level 6 in Throwing
  1907 | D:10     | Entered Level 10 of the Dungeon
  2041 | D:10     | Reached skill level 11 in Unarmed Combat
  2045 | D:10     | Reached **** piety under Okawaru
  2046 | D:10     | Reached XP level 10. HP: 97/100 MP: 11/11
  2158 | D:11     | Reached skill level 4 in Invocations
  2171 | D:11     | Reached skill level 7 in Throwing
  2249 | D:11     | Found a staircase to the Lair.
  2310 | D:11     | Noticed an oklob plant
  2319 | D:11     | Noticed a two-headed ogre
  2327 | D:11     | Killed a two-headed ogre
  2328 | D:11     | Reached skill level 7 in Fighting
  2471 | D:10     | Reached ***** piety under Okawaru
  2472 | D:10     | Reached skill level 8 in Throwing
  2474 | D:10     | Reached skill level 5 in Invocations
  2560 | D:11     | Noticed a manticore
  2568 | D:11     | Killed a manticore
  2568 | D:11     | Received a gift from Okawaru
  2620 | D:12     | Noticed Rupert
  2669 | Lair:1   | Entered Level 1 of the Lair of Beasts
  2669 | Lair:1   | Noticed a cane toad
  2674 | Lair:1   | Killed a cane toad
  2694 | Lair:1   | Noticed a black mamba
  2703 | Lair:1   | Killed a black mamba
  2704 | Lair:1   | Reached XP level 11. HP: 31/109 MP: 11/14
  2746 | Lair:1   | Reached skill level 9 in Throwing
  2761 | Lair:2   | Noticed a six-headed hydra
  2771 | Lair:2   | Reached skill level 12 in Unarmed Combat
  2777 | Lair:2   | Killed a six-headed hydra
  2782 | Lair:2   | Reached skill level 6 in Invocations
  2800 | Lair:2   | Reached skill level 8 in Fighting
  2875 | Lair:2   | Reached skill level 10 in Throwing
  3065 | Lair:2   | Noticed an oklob plant
  3089 | Lair:3   | Noticed a skyshark
  3100 | Lair:3   | Killed a skyshark
  3101 | Lair:3   | Reached skill level 7 in Invocations
  3201 | Lair:5   | Entered Level 5 of the Lair of Beasts
  3201 | Lair:5   | Noticed a four-headed hydra
  3303 | Lair:4   | Reached skill level 11 in Throwing
  3333 | Lair:4   | Noticed a seven-headed hydra
  3340 | Lair:4   | Killed a seven-headed hydra
  3340 | Lair:4   | Reached ****** piety under Okawaru
  3341 | Lair:4   | Reached XP level 12. HP: 122/122 MP: 13/16
  3341 | Lair:4   | Acquired the +4 skin of Zhor {*Englaciate rC+++ SInv}
  3341 | Lair:4   | Received a gift from Okawaru
  3341 | Lair:4   | Found the +4 skin of Zhor {*Englaciate rC+++ SInv}
  3375 | Lair:4   | Received a gift from Okawaru
  3379 | Lair:4   | Reached skill level 13 in Unarmed Combat
  3420 | Lair:4   | Acquired a +2 quick blade of electrocution
  3420 | Lair:4   | Received a gift from Okawaru
  3448 | Lair:4   | Reached skill level 9 in Fighting
  3482 | Lair:3   | Noticed a seven-headed hydra
  3487 | Lair:3   | Killed a seven-headed hydra
  3492 | Lair:3   | Reached skill level 8 in Invocations
  3532 | Lair:2   | Found a staircase to the Swamp.
  3544 | Lair:2   | Reached skill level 12 in Throwing
  3592 | Lair:2   | Noticed a boulder beetle
  3602 | Lair:2   | Killed a boulder beetle
  3602 | Lair:2   | Received a gift from Okawaru
  3730 | Lair:2   | Found a hole to the Spider Nest.
  3845 | D:10     | Found an ornate altar of the Wu Jian Council.
  3998 | D:12     | Noticed Azrael
  4017 | D:12     | Killed Azrael
  4018 | D:12     | Reached skill level 1 in Shields
  4018 | D:12     | Reached XP level 13. HP: 74/133 MP: 18/18
  4084 | D:12     | Killed Rupert
  4085 | D:12     | Reached skill level 2 in Shields
  4103 | D:12     | Reached skill level 9 in Invocations
  4160 | D:12     | Received a gift from Okawaru
  4161 | D:12     | Reached skill level 10 in Fighting
  4161 | D:12     | Reached skill level 13 in Throwing
  4180 | D:12     | Reached skill level 14 in Unarmed Combat
  4187 | D:12     | Reached skill level 3 in Shields
  4283 | D:12     | Found a staircase to the Orcish Mines.
  4305 | D:12     | Noticed Josephine
  4317 | D:12     | Killed Josephine
  4459 | Orc:1    | Entered Level 1 of the Orcish Mines
  4477 | Orc:1    | Reached skill level 4 in Shields
  4521 | Orc:1    | Found Zaink's Jewellery Emporium.
  4539 | Orc:1    | Bought a granite talisman for 780 gold pieces
  4566 | Orc:1    | Reached skill level 1 in Shapeshifting
  4647 | Orc:2    | Entered Level 2 of the Orcish Mines
  4664 | Orc:2    | Reached skill level 2 in Shapeshifting
  4804 | Orc:2    | Reached skill level 3 in Shapeshifting
  4878 | Orc:2    | Reached skill level 4 in Shapeshifting
  4923 | Orc:2    | Noticed Nergalle
  4931 | Orc:2    | Killed Nergalle
  4931 | Orc:2    | Received a gift from Okawaru
  4932 | Orc:2    | Reached skill level 5 in Shapeshifting
  4950 | Orc:2    | Noticed an orc warlord
  4970 | Orc:2    | Killed an orc warlord
  4999 | Orc:2    | Reached skill level 6 in Shapeshifting
  5024 | Orc:2    | Found Seytue's Antique Weapon Boutique.
  5030 | Orc:2    | Found Dug Hirr's Jewellery Boutique.
  5048 | Orc:2    | Found Kusicr Elud's Antique Armour Boutique.
  5064 | Orc:2    | Found Aclog's General Store.
  5072 | Orc:2    | Bought a potion of cancellation for 136 gold pieces
  5099 | Orc:2    | Found a staircase to the Elven Halls.
  5136 | Orc:2    | Found a shimmering altar of Xom.
  5292 | Orc:2    | Bought a ring of see invisible for 240 gold pieces
  5453 | Orc:1    | Reached skill level 7 in Shapeshifting
  5453 | Orc:1    | Reached XP level 14. HP: 113/143 MP: 19/19
  5621 | D:14     | Found a transporter.
  5625 | D:14     | Noticed Uqorphet's ghost (journeyman DECj)
  5629 | D:14     | Found a transporter.
  5692 | D:14     | Reached skill level 8 in Shapeshifting
  5784 | D:14     | Received a gift from Okawaru
  5880 | D:13     | Reached skill level 9 in Shapeshifting
  6032 | D:14     | Reached skill level 10 in Shapeshifting
  6113 | D:15     | Entered Level 15 of the Dungeon
  6350 | D:15     | Received a gift from Okawaru
  6360 | D:15     | Reached skill level 11 in Shapeshifting
  6650 | Orc:2    | Bought a ring of protection from fire for 400 gold pieces
  6859 | Spider:1 | Entered Level 1 of the Spider Nest
  6874 | Lair:2   | Received a gift from Okawaru
  6893 | Lair:2   | Reached skill level 12 in Shapeshifting
  6978 | Spider:1 | Noticed an emperor scorpion
  6990 | Spider:1 | Killed an emperor scorpion
  7020 | Spider:1 | Reached XP level 15. HP: 108/149 MP: 20/20
  7033 | Spider:1 | Received a gift from Okawaru
  7072 | Spider:1 | Reached skill level 13 in Shapeshifting
  7080 | Spider:2 | Noticed an emperor scorpion
  7342 | Spider:1 | Received a gift from Okawaru
  7356 | Spider:1 | Reached skill level 14 in Shapeshifting
  7480 | Spider:2 | Killed an emperor scorpion
  7511 | Spider:2 | Identified the +8 war axe of the Healing Gnat {venom, MP+9}
  7695 | Spider:4 | Entered Level 4 of the Spider Nest
  7724 | Spider:4 | Reached skill level 15 in Shapeshifting
  7810 | Spider:4 | Reached skill level 3 in Dodging
  7881 | Spider:4 | Received a gift from Okawaru
  7918 | Spider:4 | Noticed an emperor scorpion
  7923 | Spider:4 | Killed an emperor scorpion
  7974 | Spider:4 | Reached skill level 5 in Shields
  8017 | Spider:4 | Reached XP level 16. HP: 159/159 MP: 22/22
  8082 | Spider:4 | Got a gossamer rune of Zot
  8102 | Spider:4 | Got a milky-white gem with 894 turns to spare
  8228 | Spider:3 | Reached skill level 4 in Dodging
  8367 | Swamp:1  | Entered Level 1 of the Swamp
  8522 | Swamp:2  | Received a gift from Okawaru
  8527 | Swamp:2  | Reached skill level 6 in Shields
  8534 | Swamp:2  | Reached skill level 10 in Invocations
  8567 | Swamp:2  | Reached skill level 11 in Fighting
  8659 | Swamp:3  | Identified the +11 war axe "Caucw" {venom, rElec Str-2
                  | Int+6 Stlth+}
  8674 | Swamp:3  | Reached skill level 15 in Unarmed Combat
  8735 | Swamp:4  | Entered Level 4 of the Swamp
  8749 | Swamp:4  | Found a runed translucent gate.
  8749 | Swamp:4  | Found a runed translucent gate.
  8749 | Swamp:4  | Found a runed translucent gate.
  8749 | Swamp:4  | Noticed lurch's ghost (adept FeEE)
  8828 | Swamp:4  | Reached skill level 7 in Shields
  8889 | Swamp:4  | Got a mossy gem with 1212 turns to spare
  8891 | Swamp:4  | Got a decaying rune of Zot
  8922 | Swamp:4  | Received a gift from Okawaru
  9013 | Swamp:1  | Found a runed translucent door.
  9016 | Swamp:1  | Noticed Matygoc's ghost (adept HaSk)
  9319 | D:15     | Found a staircase to the Depths.
  9322 | D:15     | Reached XP level 17. HP: 167/170 MP: 24/24
  9328 | D:15     | Got a smoky gem with 4409 turns to spare
  9331 | Depths:1 | Entered Level 1 of the Depths
  9343 | Depths:1 | Reached skill level 16 in Shapeshifting
  9399 | Depths:1 | Reached skill level 11 in Invocations
  9523 | Depths:2 | Reached skill level 8 in Shields
  9556 | Depths:2 | Reached skill level 12 in Fighting
  9586 | Depths:3 | Received a gift from Okawaru
  9714 | Depths:3 | Found a one-way gateway to a ziggurat.
  9736 | Depths:3 | Noticed a sphinx
  9739 | Depths:3 | Killed a sphinx
  9788 | Depths:3 | Noticed the Enchantress
  9791 | Depths:3 | Reached skill level 5 in Dodging
  9804 | Depths:3 | Killed the Enchantress
  9818 | Depths:3 | Received a gift from Okawaru
  9875 | Depths:3 | Found a one-way gate to the infinite horrors of the Abyss.
  9924 | Depths:3 | Voluntarily entered the Abyss.
  9926 | Abyss:1  | Found a corrupted altar of Lugonu.
 10107 | Abyss:1  | Found a corrupted altar of Lugonu.
 10117 | Abyss:1  | Reached skill level 9 in Shields
 10129 | Abyss:1  | Reached skill level 13 in Fighting
 10278 | Depths:3 | Escaped the Abyss
 10280 | Depths:3 | Voluntarily entered the Abyss.
 10309 | Abyss:1  | Reached XP level 18. HP: 166/166 MP: 25/25
 10350 | Abyss:1  | Reached skill level 12 in Invocations
 10420 | Abyss:1  | Received a gift from Okawaru
 10421 | Abyss:1  | Reached skill level 6 in Dodging
 10450 | Abyss:1  | Found a corrupted altar of Lugonu.
 10480 | Abyss:1  | Found a corrupted altar of Lugonu.
 10484 | Abyss:1  | Found a corrupted altar of Lugonu.
 10484 | Abyss:1  | Found a corrupted altar of Lugonu.
 10498 | Depths:3 | Escaped the Abyss
 10502 | Depths:3 | Voluntarily entered the Abyss.
 10550 | Depths:3 | Escaped the Abyss
 10552 | Depths:3 | Voluntarily entered the Abyss.
 10552 | Abyss:2  | Found a corrupted altar of Lugonu.
 10742 | Depths:3 | Escaped the Abyss
 10744 | Depths:3 | Voluntarily entered the Abyss.
 10794 | Abyss:3  | Found a corrupted altar of Lugonu.
 10794 | Abyss:3  | Found a corrupted altar of Lugonu.
 10896 | Abyss:3  | Noticed a profane servitor
 10903 | Abyss:3  | Killed a profane servitor
 10929 | Abyss:3  | Noticed an ancient lich
 10940 | Abyss:3  | Killed an ancient lich
 10955 | Depths:3 | Escaped the Abyss
 10957 | Depths:3 | Voluntarily entered the Abyss.
 10961 | Depths:3 | Escaped the Abyss
 10963 | Depths:3 | Voluntarily entered the Abyss.
 11106 | Abyss:3  | Noticed a profane servitor
 11121 | Abyss:3  | Killed a profane servitor
 11122 | Abyss:3  | Reached skill level 14 in Fighting
 11150 | Abyss:3  | Reached skill level 10 in Shields
 11152 | Abyss:3  | Reached skill level 7 in Dodging
 11165 | Depths:3 | Escaped the Abyss
 11171 | Depths:3 | Voluntarily entered the Abyss.
 11172 | Abyss:3  | Found a corrupted altar of Lugonu.
 11175 | Abyss:3  | Found a runed translucent door.
 11297 | Abyss:3  | Noticed a profane servitor
 11307 | Abyss:3  | Killed a profane servitor
 11334 | Abyss:3  | Found a corrupted altar of Lugonu.
 11335 | Abyss:3  | Noticed a lich
 11335 | Abyss:3  | Found a corrupted altar of Lugonu.
 11342 | Abyss:3  | Killed a lich
 11351 | Abyss:3  | Noticed a bone dragon
 11364 | Abyss:3  | Killed a bone dragon
 11365 | Abyss:3  | HP: 9/248 [large abomination (6)]
 11370 | Abyss:3  | Reached skill level 13 in Invocations
 11414 | Abyss:3  | Reached XP level 19. HP: 198/198 MP: 27/27
 11448 | Abyss:3  | Got an abyssal rune of Zot
 11459 | Abyss:3  | Found a corrupted altar of Lugonu.
 11519 | Abyss:3  | Reached skill level 15 in Fighting
 11519 | Abyss:3  | Reached skill level 8 in Dodging
 11530 | Abyss:4  | Found a corrupted altar of Lugonu.
 11534 | Depths:3 | Escaped the Abyss
 11550 | Depths:4 | Entered Level 4 of the Depths
 11622 | Depths:4 | Found a sacrificial altar of Ru.
 11713 | Depths:4 | Received a gift from Okawaru
 11800 | Depths:4 | Found a gate to the Realm of Zot.
 11808 | Depths:4 | Got a midnight gem with 1860 turns to spare
 11810 | Zot:1    | Entered Level 1 of the Realm of Zot
 11852 | Zot:1    | Noticed an orb of fire
 11878 | Zot:1    | Noticed a golden dragon
 11879 | Zot:1    | Noticed a golden dragon
 11891 | Zot:1    | Killed a golden dragon
 11893 | Zot:1    | Killed a golden dragon
 11974 | Zot:2    | Noticed an orb of fire
 11982 | Zot:2    | Killed an orb of fire
 11987 | Zot:2    | Noticed an electric golem
 11987 | Zot:2    | Noticed a Killer Klown
 11987 | Zot:2    | Noticed an electric golem
 11988 | Zot:2    | Noticed a Killer Klown
 11988 | Zot:2    | Noticed an orb of fire
 11999 | Zot:2    | Killed an electric golem
 12005 | Zot:2    | Killed an orb of fire
 12010 | Zot:2    | Killed a Killer Klown
 12010 | Zot:2    | Received a gift from Okawaru
 12021 | Zot:2    | Killed a Killer Klown
 12090 | Zot:2    | Reached skill level 16 in Fighting
 12136 | Zot:2    | Killed an electric golem
 12136 | Zot:2    | Received a gift from Okawaru
 12137 | Zot:2    | Reached skill level 14 in Invocations
 12205 | Zot:2    | Reached XP level 20. HP: 213/213 MP: 24/29
 12225 | Zot:2    | Reached skill level 11 in Shields
 12274 | Zot:2    | Noticed a golden dragon
 12285 | Zot:2    | Killed a golden dragon
 12609 | Zot:2    | Reached skill level 16 in Unarmed Combat
 12621 | Zot:2    | Noticed a curse toe
 12641 | Zot:2    | Noticed a golden dragon
 12649 | Zot:2    | Killed a curse toe
 12651 | Zot:2    | Killed a golden dragon
 12727 | Zot:2    | Noticed a curse toe
 12731 | Zot:2    | Noticed an ancient lich
 12732 | Zot:2    | Killed a curse toe
 12735 | Zot:2    | Killed an ancient lich
 12755 | Zot:2    | Reached skill level 17 in Fighting
 13042 | Zot:5    | Entered Level 5 of the Realm of Zot
 13053 | Zot:5    | Reached skill level 12 in Shields
 13266 | Zot:5    | Noticed an ancient lich
 13268 | Zot:5    | Noticed an orb of fire
 13273 | Zot:5    | Killed an ancient lich
 13278 | Zot:5    | Gained mutation: You are covered in thick fur. (AC +2) [an
                  | orb of fire]
 13280 | Zot:5    | Gained mutation: You sometimes lose your temper in combat.
                  | [an orb of fire]
 13283 | Zot:5    | Killed an orb of fire
 13285 | Zot:5    | Noticed an ancient lich
 13297 | Zot:5    | Killed an ancient lich
 13297 | Zot:5    | Received a gift from Okawaru
 13339 | Zot:5    | Noticed a Killer Klown
 13340 | Zot:5    | Noticed an ancient lich
 13350 | Zot:5    | Killed an ancient lich
 13351 | Zot:5    | Reached XP level 21. HP: 228/228 MP: 24/30
 13354 | Zot:5    | Killed a Killer Klown
 13355 | Zot:5    | Noticed a Killer Klown
 13372 | Zot:5    | Killed a Killer Klown
 13378 | Zot:5    | Noticed a Killer Klown
 13383 | Zot:5    | Killed a Killer Klown
 13385 | Zot:5    | Reached skill level 17 in Unarmed Combat
 13521 | Zot:5    | Noticed an ancient lich
 13522 | Zot:5    | Noticed a golden dragon
 13529 | Zot:5    | Killed an ancient lich
 13530 | Zot:5    | Reached skill level 18 in Fighting
 13530 | Zot:5    | Noticed an ancient lich
 13534 | Zot:5    | Killed a golden dragon
 13540 | Zot:5    | Killed an ancient lich
 13545 | Zot:5    | Noticed an ancient lich
 13551 | Zot:5    | Killed an ancient lich
 13697 | Zot:5    | Reached skill level 13 in Shields
 13777 | Zot:5    | Got the Orb of Zot
 13781 | Zot:5    | Noticed Piduli the pandemonium lord
 13781 | Zot:5    | Noticed an ancient lich
 13787 | Zot:5    | Killed Piduli the pandemonium lord
 13789 | Zot:5    | Killed an ancient lich
 13798 | Zot:5    | Noticed a Killer Klown
 13808 | Zot:5    | Killed a Killer Klown
 13813 | Zot:5    | Noticed a Killer Klown
 13824 | Zot:5    | Killed a Killer Klown
 13824 | Zot:5    | Received a gift from Okawaru
 14003 | Zot:2    | Paralysed by you for 1 turns
 14048 | Zot:1    | Gained mutation: You passively dampen the noise of your
                  | surroundings. [an orb of fire]
 14060 | Zot:1    | Killed an orb of fire
 14085 | Depths:4 | Gained mutation: You have an uncontrollable temper.
                  | [mutagenic glow]
 14109 | Depths:4 | Gained mutation: You are weak. (Str -2) [mutagenic glow]
 14125 | Depths:4 | Lost mutation: You have an uncontrollable temper. [potion
                  | of mutation]
 14125 | Depths:4 | Lost mutation: You passively dampen the noise of your
                  | surroundings. [potion of mutation]
 14125 | Depths:4 | Lost mutation: You sometimes lose your temper in combat.
                  | [potion of mutation]
 14125 | Depths:4 | Gained mutation: Your magical capacity is low. (-10% MP)
                  | [potion of mutation]
 14125 | Depths:4 | Gained mutation: You sometimes lose your temper in combat.
                  | [potion of mutation]
 14126 | Depths:4 | Lost mutation: You are covered in thick fur. (AC +2)
                  | [potion of mutation]
 14126 | Depths:4 | Lost mutation: Your magical capacity is low. (-10% MP)
                  | [potion of mutation]
 14126 | Depths:4 | Lost mutation: You sometimes lose your temper in combat.
                  | [potion of mutation]
 14126 | Depths:4 | Gained mutation: You sometimes lose your temper in combat.
                  | [potion of mutation]
 14126 | Depths:4 | Gained mutation: Armour fits poorly on your strangely
                  | shaped body. [potion of mutation]
 14126 | Depths:4 | Gained mutation: Your movements are slightly less
                  | encumbered by armour. (ER -2) [potion of mutation]
 14126 | Depths:4 | Gained mutation: Your flesh is cold resistant. (rC+)
                  | [potion of mutation]
 14230 | Depths:3 | Noticed Xoyve the pandemonium lord
 14352 | D:12     | Noticed Raok the pandemonium lord
 14419 | D:11     | Reached skill level 19 in Fighting
 14722 | D:$      | Escaped with the Orb!

Illustrated notes

Levels and vault maps discovered:
D:1:      lightli_molten_gateway, layout_rooms
D:2:      layout_rooms, shapermc_ecumenical_altar_flowoftime, serial_shops,
          shop, uniq_terence
D:3:      minmay_razor_zed, layout_rooms, grunt_dithmenos_smoke,
          grunt_decor_cap, uniq_pargi
D:4:      layout_cave_pools, gammafunk_temple_overflow_wave, corexii_checkpoint,
          minmay_misc_feat_alley, hangedman_decor_peaks_small,
          grunt_ministairs_2, minmay_manual_mess, uniq_crazy_yiuf_cottage,
          uniq_pikel, uniq_robin, uniq_blork_the_orc
D:5:      layout_cave_pools, serial_demonic, serial_demonic_b, serial_demonic_e,
          serial_demonic_f, serial_demonic_c, serial_shops, shop, corexii_shack,
          solitary_fountain, minmay_bent
D:6:      layout_cave_pools, mainiacjoe_overflow_alcove_2, tso_metal_star,
          grunt_temple_overflow_open, minmay_temple_entry_gardened_gates,
          serial_shops, shop, kennysheep_small_square
D:7:      layout_loops_ring, lemuel_round_altar, minmay_misc_feat_rugged
D:8:      layout_cave_pods, mainiacjoe_overflow_catwalk
D:9:      layout_long_grid, nicolae_where_there's_smoke, uniq_erica
D:10:     layout_irregular_city, mainiacjoe_overflow_boulevard, minivault_14,
          minmay_misc_feat_enclosed, hellmonk_guarded_unrand_seven_league_boots
D:11:     layout_gridville, dpeg_oklobed_lair
D:12:     layout_cave_pools, minmay_orc_entry_temple_large, drop_trap,
          uniq_josephine, uniq_azrael, uniq_rupert
D:13:     layout_long_grid
D:14:     layout_irregular_city, hangedman_vaults_entry_quadrant_bands,
          gammafunk_ghost_arena
D:15:     grunt_enter_depths_hoard, layout_basic, serial_park_tiny_2
Temple:   nicolae_temple_no_exploring_needed
Lair:1:   layout_cave_pods, serial_bayou_shore_a
Lair:2:   lemuel_slime, layout_regular_city, minmay_swamp_entry_worms,
          nicolae_spider_entry_orb_guardian, grunt_megastairs_2,
          infiniplex_staircase_pool
Lair:3:   layout_cellular_growth, serial_rivers, chequers_serial_rivers_micro_b,
          chequers_serial_rivers_micro_a, chequers_serial_rivers_small_a,
          chequers_serial_rivers_micro_a, chequers_serial_rivers_micro_b,
          st_stairs_12, tgw_fedhas, infiniplex_staircase_pool_2,
          grunt_megastairs_1
Lair:4:   layout_gridlike, dpeg_slime_entry_corner, minmay_lair_drake_nest
Lair:5:   evil_forest, layout_long_grid, serial_rivers,
          chequers_serial_rivers_micro_b, chequers_serial_rivers_micro_c,
          chequers_serial_rivers_micro_a, chequers_serial_rivers_micro_b,
          chequers_serial_rivers_marsh, chequers_serial_rivers_micro_e
Swamp:1:  layout_basic_swamp, ebering_ghost_inner_flame,
          nicolae_swamp_very_dense_foliage
Swamp:2:  layout_basic_swamp, nicolae_swamp_reclaimed_castle, swamp_pool_3,
          nicolae_swamp_bunyip_nook
Swamp:3:  layout_basic_swamp, evilmike_swamp_ruin_house_1
Swamp:4:  swamp_alternative, layout_basic_swamp, ebering_ghost_rock_garden,
          swamp_pool_5, nicolae_swamp_no_escape
Spider:1: layout_spider_delve, nicolae_spider_eight_legs,
          hangedman_spider_tarantella_strand
Spider:2: layout_spider_delve, hellmonk_deceptive_appearances
Spider:3: lemuel_spider_zombies, hellmonk_watch_for_rolling_rocks, uniq_roxanne
Spider:4: hellmonk_spider_rune_bug_friends, nicolae_spider_wall_of_niches
Orc:1:    layout_caves, serial_shops, shop, mines1_david
Orc:2:    grunt_orc_cross, layout_caves, basic_altar
Depths:1: layout_basic, hellmouth_1, abyss_entry_small_statue_room,
          serial_library_hellmonk_angled_corner, chequers_decorated_corner,
          wad_scary_box
Depths:2: minmay_containers, layout_basic, grunt_mini_vestibule,
          rand_demon_pan_entry_3, infiniplex_staircase_pillars_2
Depths:3: nicolae_aperiodic_l_corner, layout_gridlike, enter_ziggurat_f,
          serial_bayou_shore_b, hangedman_tar_grid_catacomb, abyss_entry,
          uniq_enchantress
Depths:4: grunt_zot_entry_gee_three, layout_twisted_cross,
          grunt_hell_entry_dis_mu, nicolae_ru_great_annihilating_truth
Zot:1:    grunt_zot_stairs_faceoff, layout_cathedral_of_symmetry,
          hangedman_zot_decor_checkerboard, grunt_megastairs_5
Zot:2:    grunt_deathspiral_small, layout_concentric_octagons, st_stairs_6,
          st_single_dragon_hoard_4, hangedman_player_shredder
Zot:3:    layout_cellular_growth, ebering_ghost_gozag, skrybe_zot_glass_1,
          uniq_tiamat
Zot:4:    lemuel_halls_of_wrath, layout_cellular_growth,
          regret_index_zotdec_carving_tricks
Zot:5:    layout_misc_corridors

Skill      XL: |  1  2  3  4  5  6  7  8  9 10 11 12 13 14 15 16 17 18 19 20 21 |
---------------+----------------------------------------------------------------+-----
Unarmed Combat | 4 6 8 9 10 11 12 13 14 15 16 17 | 17.8
Fighting       | 3 5 6 7 8 9 10 11 13 14 16 17 19 | 19.0
Throwing       | 3 6 8 11 12 13 | 13.1
Invocations    | 3 5 7 8 9 10 11 13 14 | 14.0
Shields        | 1 4 5 7 9 10 12 13 | 13.5
Shapeshifting  | 7 12 15 16 | 16.0
Dodging        | 3 4 5 7 8 |  8.1

Action                     |  1- 3 |  4- 6 |  7- 9 | 10-12 | 13-15 | 16-18 | 19-21 || total
---------------------------+-------+-------+-------+-------+-------+-------+-------++-------
  Melee: Unarmed           |    63 |    58 |   255 |   406 |   765 |   746 |   748 ||  3041
  Throw: Dart              |       |     3 |     9 |     5 |       |       |       ||    17
         Boomerang         |       |       |    26 |    81 |   399 |   186 |    67 ||   759
         Javelin           |       |       |       |       |    39 |    51 |    37 ||   127
         Large rock        |       |       |       |       |       |    26 |   115 ||   141
 Invoke: Heroism           |       |       |     2 |    11 |    20 |    17 |    33 ||    83
         Finesse           |       |       |       |     1 |    11 |    18 |    23 ||    53
         Receive Weapon    |       |       |       |     1 |       |       |       ||     1
         Receive Armour    |       |       |       |     1 |       |       |       ||     1
  Evoke: Wand              |       |       |       |       |     4 |     9 |     4 ||    17
    Use: Scroll            |     3 |     1 |     7 |     8 |     5 |     7 |    12 ||    43
         Potion            |       |     2 |       |       |     6 |     7 |     6 ||    21
   Stab: Sleeping          |       |       |       |       |       |     1 |       ||     1
         Invisible         |       |       |       |       |       |       |     1 ||     1
         Paralysed         |       |       |       |       |       |       |     1 ||     1
 Armour: Robe              |    27 |    25 |   228 |   153 |       |       |       ||   433
         Animal skin       |       |       |       |   120 |   337 |       |    19 ||   476
         Skin              |       |       |       |       |   601 |  1050 |   770 ||  2421
  Dodge: Dodged            |    16 |    25 |   154 |   140 |   392 |   457 |   354 ||  1538
  Block: Kite shield       |       |       |       |     3 |   430 |   672 |   471 ||  1576
   Form: Statue            |       |       |       |       |     1 |       |       ||     1
                           |       |       |       |       |       |       |     1 ||     1

Table legend:
 A = Kills in this place as a percentage of kills in the entire game.
 B = Kills by you in this place as a percentage of kills by you in the entire game.
 C = Kills by friends in this place as a percentage of kills by friends in the entire game.
 D = Other kills in this place as a percentage of other kills in the entire game.
 E = Experience gained in this place as a percentage of experience gained in the entire game.
 F = Experience gained in this place divided by the number of levels of this place that you have seen.
                   A       B       C       D       E      F
               +-------+-------+-------+-------+-------+----------------------
         Total | 100.0 | 100.0 |   N/A | 100.0 | 100.0 | 13692.9
       Dungeon |  26.8 |  26.8 |   N/A |   0.0 |   8.3 | 3885.3
          Lair |   9.8 |   9.8 |   N/A |   0.0 |   4.9 | 6857.0
         Swamp |   6.8 |   6.7 |   N/A |  50.0 |   7.0 | 12295.2
   Spider Nest |  11.5 |  11.5 |   N/A |   0.0 |   9.5 | 16527.0
  Orcish Mines |   8.2 |   8.2 |   N/A |   0.0 |   2.1 | 7278.5
        Depths |   9.0 |   9.0 |   N/A |   0.0 |  13.9 | 24239.2
           Zot |  13.0 |  12.9 |   N/A |  50.0 |  37.7 | 52591.8
         Abyss |  14.9 |  14.9 |   N/A |   0.0 |  16.6 | 10546.7
               +-------+-------+-------+-------+-------+----------------------

Table legend: (Time is in decaauts)
 A = Elapsed time spent in this place.
 B = Non-inter-level travel time spent in this place.
 C = Inter-level travel time spent in this place.
 D = Time resting spent in this place.
 E = Time spent auto-exploring this place.
 F = Levels seen in this place.
 G = Mean time per level.
                   A        B        C        D        E       F      G
               +--------+--------+--------+--------+--------+-----+--------+
         Total |  16777 |  16146 |    631 |      0 |      0 |  51 |  329.0 |
       Dungeon |   5115 |   4851 |    264 |      0 |      0 |  15 |  341.0 |
        Temple |     12 |     12 |      0 |      0 |      0 |   1 |   12.0 |
          Lair |   1524 |   1438 |     86 |      0 |      0 |   5 |  304.8 |
         Swamp |    845 |    845 |      0 |      0 |      0 |   4 |  211.2 |
   Spider Nest |   1808 |   1783 |     25 |      0 |      0 |   4 |  452.0 |
  Orcish Mines |   1016 |    892 |    124 |      0 |      0 |   2 |  508.0 |
        Depths |   1425 |   1400 |     25 |      0 |      0 |   4 |  356.2 |
           Zot |   2886 |   2781 |    105 |      0 |      0 |   5 |  577.2 |
         Abyss |   2142 |   2142 |      0 |      0 |      0 |  11 |  194.7 |
               +--------+--------+--------+--------+--------+-----+--------+

Top non-repeatable levels by time:
   Zot:2: 1244 daAuts
   Zot:5: 1083 daAuts
 Abyss:3: 1081 daAuts
 Abyss:1: 859 daAuts
  Lair:2: 745 daAuts
Spider:1: 716 daAuts
Spider:4: 711 daAuts
   Orc:2: 655 daAuts
    D:12: 645 daAuts
Depths:3: 606 daAuts
    D:11: 549 daAuts
    D:14: 526 daAuts
    D:15: 498 daAuts
Depths:4: 460 daAuts
    D:10: 422 daAuts
